 Dungeon Crawl Stone Soup version 0.32-a0-699-g1ee5eff69a (webtiles) character file.

Game seed: 16820070965745533437

834 Griffin23 the Covered (level 7, -5/58 (61) HPs)
             Began as a Minotaur Fighter on Mar 13, 2024.
             Was an Initiate of Hepliaklqana.
             Slain by Sigmund
             ... wielding a +0 scythe
              (8 damage)
             ... on level 5 of the Dungeon.
             The game lasted 00:11:12 (4870 turns).

Griffin23 the Covered (Minotaur Fighter)            Turns: 4870, Time: 00:11:13

HP:   -5/58 (61)    AC:  9    Str: 23    XL:     7   Next: 66%
MP:   3/6           EV:  8    Int:  5    God:    Hepliaklqana [......]
Gold: 175           SH:  4    Dex:  9    Spells: 6/6 levels left

rFire   . . .        a - +0 long sword
rCold   . . .        c - +0 buckler
rNeg    . . .        b - +0 scale mail
rPois   .            (helmet restricted)
rElec   .            (no cloak)
rCorr   .            (no gloves)
SInv    .            p - +0 pair of boots
Will    .....        (no amulet) Stlth
                     (no ring)
HPRegen 0.29/turn    (no ring)
MPRegen 0.10/turn

%: clarity
@: lightly drained
A: horns 2, retaliatory headbutt, clarity, MP-powered wands
a: Renounce Religion


You were on level 5 of the Dungeon.
You worshipped Hepliaklqana.
Hepliaklqana was noncommittal.
You visited 1 branch of the dungeon, and saw 5 of its levels.

You collected 175 gold pieces.

Inventory:

Hand Weapons
 a - a +0 long sword (weapon)
Armour
 b - a +0 scale mail (worn)
 c - a +0 buckler (worn)
 p - a +0 pair of boots (worn)
Jewellery
 i - a ring of poison resistance
 j - a ring of protection from fire
Wands
 m - a wand of charming (15)
Scrolls
 f - 3 scrolls of teleportation {unknown}
 g - 5 scrolls of identify {unknown}
 h - a scroll of poison {unknown}
 l - a scroll of amnesia {unknown}
 o - a scroll of enchant weapon {unknown}
 q - a scroll of fear {unknown}
Potions
 d - a potion of might
 e - 2 potions of enlightenment
 k - a potion of heal wounds {unknown}
 n - a potion of cancellation {unknown}


   Skills:
 * Level 5.4 Fighting
 * Level 6.3 Long Blades
 * Level 6.6 Armour
 * Level 2.0 Stealth
 * Level 5.3 Shields
 + Level 0.4 Evocations


You had 6 spell levels left.
You didn't know any spells.
Your spell library contained the following spells:

 Spells                   Type           Power      Damage    Failure   Level
 Apportation              Tloc           0%         N/A       83%         1
 Necrotise                Necr           0%         1d4       83%         1
 Sting                    Conj/Alch      0%         1d3       83%         1
 Summon Small Mammal      Summ           0%         N/A       83%         1


Dungeon Overview and Level Annotations

Branches:
Dungeon (5/15)
 Temple: D:4-7

Altars:
Hepliaklqana
Sif Muna
Uskayaw
Zin

Shops:
D:1 [   D:4 [   D:5 (

Annotations:
D:3 Pikel
D:4 2 runed translucent doors, backslashecho's ghost, amateur FoHu
D:5 Sigmund


Innate Abilities, Weirdness & Mutations

You have a pair of horns on your head.
You reflexively headbutt those who attack you in melee.
You possess an exceptional clarity of mind.
You expend magic power (3 MP) to strengthen your wands.


Message History

You are too injured to fight recklessly!
You barely miss the hound. Your headbutt misses the hound.
You block the orc's attack. The hound barely misses you.
You furiously retaliate!
You headbutt the hound. You hit the hound. Your headbutt misses the hound.
The hound is severely wounded.
The hound bites you but does no damage. The orc closely misses you.
The hound bites you but does no damage.
You barely miss the hound.
The hound is severely wounded.
The hound bites you but does no damage.
The orc hits you from afar with a +0 trident.
The orc hits you from afar with a +0 trident!
* * * LOW HITPOINT WARNING * * *
You block the hound's attack.
Okay, then.
You hit the hound but do no damage. Your headbutt misses the hound.
The hound is heavily wounded.
You block the hound's attack. You block the orc's attack.
You hit the hound. Your headbutt misses the hound.
The hound is severely wounded.
The hound bites you.
* * * LOW HITPOINT WARNING * * *
The hound closely misses you. You furiously retaliate!
You headbutt the hound.
The orc hits you from afar with a +0 trident!
* * * LOW HITPOINT WARNING * * *
The hound barely misses you. You furiously retaliate!
You headbutt the hound!
You kill the hound!
Aiming: Charm
Press: ? - help, Shift-Dir - straight line, f/p - wight
Aim: a wight, wielding a +0 arbalest and wearing a +0 robe (lightly damaged, chance to affect: 53%)
You feel a surge of power!
The orc is charmed.
Sigmund hits you from afar with a +0 scythe.
* * * LOW HITPOINT WARNING * * *
The bombardier beetle waves its antennae.
You block Sigmund's attack.
Sigmund hits you from afar with a +0 scythe!
You die...
Sigmund begins carving another notch in his scythe.
Hepliaklqana delivers you to your ancestors.

...........#...#
#.......#.....# #######
....!÷).....#..# #.....#
.ß..._...ß.....#####.....#
....###..................#
... ......####z#####.....#
#. #.@##.# #.# #.....####
# .... ..#
##@######)......#
..#######
#..o@...#)#####.# ..
#..####...#####.#
#.##............#
#####.......♣.♣.♣.♣.###
##........#...#...#....#
...###.......♣.♣.♣.♣.#.##.
#.###....#.....∩.........
......#.##..♣.♣.♣.♣.#.##
#.##..#.##...#...#....#


You could see Sigmund and a friendly orc (charmed).

Vanquished Creatures
  Eustachio (D:3)
  A lemure (D:4)
  3 scorpions
  2 wights (D:5)
  2 bombardier beetles
  A hound (D:5)
  2 sleepcaps (D:4)
  Ijyb (D:3)
  3 adders
  2 ribbon worms
  4 dart slugs
  4 orcs
  8 ball pythons
  8 endoplasms
  4 giant cockroaches
  11 goblins
  6 hobgoblins
  4 jackals (D:1)
  5 kobolds
  A quokka (D:3)
  3 bats
  5 frilled lizards
  7 rats
88 creatures vanquished.

Vanquished Creatures (collateral kills)
  Menkaure (D:4)
  An orc (D:3)
2 creatures vanquished.

Grand Total: 90 creatures vanquished

Notes
Turn   | Place    | Note
-------+----------+-------------------------------------------
     0 | D:1      | Griffin23 the Minotaur Fighter began the quest for the Orb.
     0 | D:1      | Reached XP level 1. HP: 19/19 MP: 0/0
   141 | D:1      | Reached XP level 2. HP: 27/27 MP: 1/1
   244 | D:1      | Found Ojupnitt's Antique Armour Shoppe.
   715 | D:1      | Reached XP level 3. HP: 33/33 MP: 2/2
  1047 | D:2      | Found a shimmering blue altar of Sif Muna.
  1142 | D:2      | Found a faded altar of an unknown god.
  1812 | D:3      | Reached XP level 4. HP: 40/40 MP: 3/3
  1917 | D:3      | Noticed Ijyb
  1926 | D:3      | Killed Ijyb
  2110 | D:3      | Reached XP level 5. HP: 47/47 MP: 4/4
  2419 | D:4      | Noticed Menkaure
  2419 | D:4      | Noticed Eustachio
  2715 | D:4      | Killed Menkaure
  2716 | D:4      | Reached skill level 5 in Long Blades
  2716 | D:4      | Reached skill level 5 in Armour
  2716 | D:4      | Reached skill level 1 in Stealth
  2716 | D:4      | Reached XP level 6. HP: 22/55 MP: 5/5
  3018 | D:4      | Gained mutation: You expend magic power (3 MP) to
                  | strengthen your wands. [potion of mutation]
  3018 | D:4      | Gained mutation: You possess an exceptional clarity of
                  | mind. [potion of mutation]
  3247 | D:4      | Noticed Pikel
  3279 | D:3      | Killed Eustachio
  3280 | D:3      | Reached skill level 5 in Fighting
  3280 | D:3      | Reached XP level 7. HP: 21/61 MP: 6/6
  3730 | D:4      | Reached skill level 5 in Shields
  3941 | D:4      | Found Ecvo's Armour Emporium.
  4118 | D:4      | Found a large runed translucent door.
  4118 | D:4      | Found a large runed translucent door.
  4119 | D:4      | Noticed backslashecho's ghost (amateur FoHu)
  4159 | D:4      | Found a faded altar of an unknown god.
  4159 | D:4      | Found a hazy altar of Hepliaklqana.
  4160 | D:4      | Found a faded altar of an unknown god.
  4248 | D:4      | Found a glowing silver altar of Zin.
  4439 | D:4      | Became a worshipper of Hepliaklqana the Forgotten
  4476 | D:5      | Entered Level 5 of the Dungeon
  4510 | D:5      | Found Kouv's Antique Weapon Emporium.
  4842 | D:5      | Found a hide-covered altar of Uskayaw.
  4850 | D:5      | Noticed Sigmund
  4866 | D:5      | HP: 2/58 [Sigmund/+0 scythe (5)]
  4870 | D:5      | Slain by Sigmund

Illustrated notes

Levels and vault maps discovered:
D:1:      lightli_arrival_flooded_house, layout_loops_corners, serial_forest,
          infiniplex_forest_straight_2, infiniplex_forest_clump_tiny,
          infiniplex_forest_clump_small, infiniplex_forest_corner_2,
          infiniplex_forest_lined_3, infiniplex_forest_straight_2,
          infiniplex_forest_corner_1, serial_shops, shop, minmay_3d_cube
D:2:      layout_basic, shapermc_ecumenical_altar_starsandcircs, basic_altar
D:3:      layout_basic, st_stairs_1, uniq_ijyb
D:4:      layout_cave_pools, general_overflow_altar,
          nicolae_hepliaklqana_ecumenical_no_more, ebering_ghost_disaster_area,
          serial_shops, nicolae_shop_gibbet_a_chance, hellmonk_no_cap,
          uniq_menkaure, uniq_pikel, uniq_eustachio
D:5:      layout_loops_cross, eat_drink_and_be_merry_uskayaw,
          nicolae_overflow_two_pavilions, lemuel_temple_firewalk_b,
          hangedman_decor_riveting, minmay_shop_grid_forest, uniq_sigmund

Skill      XL: |  1  2  3  4  5  6  7 |
---------------+----------------------+-----
Shields        | 4 5 |  5.3
Armour         | 4 5 6 |  6.6
Fighting       | 4 5 |  5.4
Long Blades    | 3 4 5 6 |  6.3
Stealth        | 1 2 |  2.0
Evocations     | |  0.4

Action                     |  1- 3 |  4- 6 |  7- 9 || total
---------------------------+-------+-------+-------++-------
  Melee: Long sword        |   119 |    81 |    86 ||   286
         Headbutt          |    13 |    19 |    18 ||    50
  Evoke: Wand              |       |    10 |     4 ||    14
    Use: Potion            |       |     4 |       ||     4
   Stab: Distracted        |     1 |       |       ||     1
 Armour: Scale mail        |    73 |   102 |    95 ||   270
  Dodge: Dodged            |    50 |    44 |    43 ||   137
  Block: Buckler           |    20 |    24 |    25 ||    69

Table legend: (Time is in decaauts)
 A = Elapsed time spent in this place.
 B = Non-inter-level travel time spent in this place.
 C = Inter-level travel time spent in this place.
 D = Time resting spent in this place.
 E = Time spent auto-exploring this place.
 F = Levels seen in this place.
 G = Mean time per level.
                   A        B        C        D        E       F      G
               +--------+--------+--------+--------+--------+-----+--------+
         Total |   4940 |   4660 |    280 |   1336 |   2459 |   5 |  988.0 |
       Dungeon |   4940 |   4660 |    280 |   1336 |   2459 |   5 |  988.0 |
               +--------+--------+--------+--------+--------+-----+--------+

Top non-repeatable levels by time:
     D:3: 1596 daAuts
     D:4: 1184 daAuts
     D:1: 1059 daAuts
     D:2: 703 daAuts
     D:5: 397 daAuts
